AoeStats
← Morgan Wyrd

Arabia

510260018Analyzed
1v1 RM · 20h ago on Sep 30, 2026· 44m 58s· 2 players
Game mode
Random Map
Map size
Tiny (2 player)
Population
200
Speed
Normal
Resources
Standard
Victory
Conquest
Starting age
Dark Age
Ending age
Imperial Age
RankedLock teamsTeams togetherTeam positionsShared explorationLock speedFull tech treeHidden civsTurbo modeCheats
Victory
Defeat
🇺🇸 Magyars · United States
827
+16
🇲🇽 Varangians · Mexico
827
-16
NF I Odysseo
11:26 Feudal Age
13:02 Double-Bit Axe
15:29 Forging
16:04 Loom
19:22 Castle Age
18:46 Scale Mail Armor
20:24 Squires
21:06 Bow Saw
23:09 Gambesons
26:19 Chain Mail Armor
32:50 Imperial Age
33:17 Iron Casting
32:32 Horse Collar
34:08 Conscription
35:07 Wheelbarrow
36:58 Plate Mail Armor
37:41 Elite Varangian Guard
38:29 Gold Mining
38:43 Fletching
Morgan Wyrd
6:43 Loom
9:18 Feudal Age
11:57 Double-Bit Axe
19:01 Wheelbarrow
20:28 Horse Collar
20:44 Gold Mining
23:03 Castle Age
21:25 Fletching
21:37 Padded Archer Armor
22:45 Bloodlines
24:58 Hand Cart
24:53 Thumb Ring
24:48 Bodkin Arrow
25:20 Bow Saw
25:52 Husbandry
31:01 Gold Shaft Mining
30:26 Light Cavalry
32:14 Stone Mining
32:47 Leather Archer Armor
36:11 Imperial Age
35:17 Ballistics
34:53 Murder Holes
37:17 Parthian Tactics
36:57 Bracer
37:49 Heavy Cavalry Archer
41:51 Corvinian Army
41:13 Elite Magyar Huszar
41:54 Recurve Bow
44:15 Two-Man Saw
43:19 Heavy Plow
44:31 Ring Archer Armor
44:06 Scale Barding Armor
45:39 Chemistry
44:44 Siege Engineers
44:21 Treadmill Crane
45:13 Conscription
Connection lost

Rejoining the realm…

Still unreachable

The connection could not be restored.

Session expired

The server has moved on; the page needs a fresh start.